 Dungeon Crawl Stone Soup version 0.28.0-43-g3370ac3207 (webtiles) character file.

Game seed: 6810859095494710880

387 sylnyx the Digger (level 6, -2/33 HPs)
             Began as a Gargoyle Earth Elementalist on Mar 22, 2022.
             Was a Believer of Cheibriados.
             Slain by a gnoll sergeant
             ... wielding a +0 spear
              (7 damage)
             ... on level 4 of the Dungeon.
             The game lasted 00:28:26 (3886 turns).

sylnyx the Digger (Gargoyle Earth Elementalist)     Turns: 3886, Time: 00:28:27

Health: -2/33      AC: 12    Str: 16    XL:     6   Next: 78%
Magic:  1/12       EV: 12    Int: 21    God:    Cheibriados [**....]
Gold:   191        SH:  0    Dex: 14    Spells: 5/13 levels left

rFire   . . .      SeeInvis +   e - +0 dagger
rCold   . . .      Faith    .   (no shield)
rNeg    + . .      Spirit   .   v - +0 leather armour
rPois   ∞          Reflect  .   k - +2 helmet {SInv}
rElec   +          Harm     .   d - +0 cloak
rCorr   .          Rampage  .   j - +0 pair of gloves
Will    .....                   (no boots)
Stlth   ++........              (no amulet)
HPRegen 0.11/turn               g - ring of wizardry
MPRegen 0.13/turn               (no ring)

@: very slow
A: sickness immunity, AC +4, negative energy resistance 1, electricity
resistance, torment resistance 1, petrification resistance
a: Renounce Religion, Bend Time


You were on level 4 of the Dungeon.
You worshipped Cheibriados.
Cheibriados was pleased with you.
You visited 1 branch of the dungeon, and saw 4 of its levels.

You collected 191 gold pieces.

Inventory:

Hand Weapons
 e - a +0 dagger (weapon)
Missiles
 c - 49 stones
 n - a throwing net
Armour
 b - a +0 robe
 d - a +0 cloak (worn)
 f - a +0 ring mail
 j - a +0 pair of gloves (worn)
 k - a +2 helmet of see invisible (worn)
 t - a +0 scale mail
 v - a +0 leather armour (worn)
 A - a scarf of shadows
Jewellery
 g - a ring of wizardry (left hand)
Scrolls
 a - 2 scrolls of teleportation {unknown}
 h - 2 scrolls of fear {unknown}
 i - a scroll of enchant armour {unknown}
 l - a scroll of torment {unknown}
 p - a scroll of magic mapping {unknown}
 r - a scroll of immolation {unknown}
 s - a scroll of identify {unknown}
 x - 2 scrolls of enchant weapon {unknown}
 y - 3 scrolls of vulnerability {unknown}
Potions
 m - a potion of curing {unknown}
 o - a potion of experience {unknown}
 q - a potion of might {unknown}
 u - 2 potions of brilliance {unknown}
 w - a potion of haste {unknown}
 z - a potion of mutation {unknown}


   Skills:
 + Level 0.6 Fighting
 + Level 0.4 Short Blades
 + Level 1.6 Armour
 + Level 2.3 Dodging
 - Level 2.1 Stealth
 + Level 4.2 Spellcasting
 + Level 0.7 Transmutations
 + Level 6.2 Earth Magic


You had 5 spell levels left.
You knew the following spells:

 Your Spells              Type           Power      Damage    Failure   Level
a - Sandblast             Erth           60%        2d14      1%          1
b - Stone Arrow           Conj/Erth      34%        3d9       4%          3
c - Petrify               Tmut/Erth      19%        N/A       14%         4

Your spell library contained the following spells:

 Spells                   Type           Power      Damage    Failure   Level
 Passwall                 Tmut/Erth      15%        N/A       2%          2
 Scorch                   Fire           8%         2d5       9%          2
 Flame Wave               Conj/Fire      4%         2d5       47%         4
 Irradiate                Conj/Tmut      2%         3d14      77%         5
 Summon Cactus Giant      Summ           2%         N/A       100%        6
 Sublimation of Blood     Necr           Unusable   N/A       N/A         2

Dungeon Overview and Level Annotations

Branches:
Dungeon (4/15)
 Temple: D:4-7

Altars:
Cheibriados


Innate Abilities, Weirdness & Mutations

You are immune to sickness and miasma.
Your stone body is resilient. (AC +4)
You are immune to poison.
You resist negative energy. (rN+)
You are resistant to electric shocks. (rElec)
You are resistant to unholy torment.
You are immune to petrification.


Message History

Confirm with . or Enter, or press ? or * to list all spells.
Aiming: Sandblast (safe; 1% risk of failure)
Press: ? - help, Shift-Dir - straight line, f - gnoll, p - gnoll sergeant
Aim: a gnoll, wielding a +0 club (84% to hit)
The blast of sand hits the gnoll.
The gnoll is moderately wounded.
The gnoll sergeant hits you from afar with a +0 spear!
* * * LOW HITPOINT WARNING * * *
The gnoll misses you.
Casting: Sandblast (safe; 1% risk of failure)
Confirm with . or Enter, or press ? or * to list all spells.
Aiming: Sandblast (safe; 1% risk of failure)
Press: ? - help, Shift-Dir - straight line, f/p - gnoll
Aim: a gnoll, wielding a +0 club (moderately wounded, 84% to hit)
The blast of sand hits the gnoll!
The gnoll is severely wounded.
The gnoll sergeant hits you from afar with a +0 spear.
* * * LOW HITPOINT WARNING * * *
The gnoll hits you but does no damage.
Casting: Sandblast (safe; 1% risk of failure)
Confirm with . or Enter, or press ? or * to list all spells.
Aiming: Sandblast (safe; 1% risk of failure)
Press: ? - help, Shift-Dir - straight line, f/p - gnoll
Aim: a gnoll, wielding a +0 club (severely wounded, 84% to hit)
The blast of sand hits the gnoll!!
You kill the gnoll!
Cheibriados appreciates the change of pace.
The gnoll sergeant misses you.
Casting: Sandblast (safe; 1% risk of failure)
Confirm with . or Enter, or press ? or * to list all spells.
Aiming: Sandblast (safe; 1% risk of failure)
Press: ? - help, Shift-Dir - straight line, f - gnoll sergeant
Aim: a gnoll sergeant, wielding a +0 spear and wearing a +0 ring mail (almost dead, 87% to hit)
The blast of sand hits the gnoll sergeant but does no damage.
The gnoll sergeant is almost dead.
The gnoll sergeant barely misses you. The gnoll sergeant closely misses you.
The gnoll sergeant barely misses you.
The gnoll sergeant hits you from afar with a +0 spear!
You die...

.. #....#...# ..#
..####....#..## ..#
........###..######..#
.........#..(........+
.....#...#...........#
.....#...'...........#
.....############..#.....
...###..##...!###..## ###
...#....#.......@...#
...#....#....)).....#
...#....#....)g.....#
...#....#...........#
...'....#...........#
...#'#######..#######
##.....# #..# .#.....#
...# .#.....# #..B#


You could see a gnoll sergeant.

Vanquished Creatures
  An ogre (D:4)
  A bullfrog skeleton (D:4)
  A hound (D:4)
  An orc priest (D:4)
  An iguana (D:4)
  5 gnolls
  5 adders
  An ufetubus (D:4)
  A worm (D:3)
  A dart slug (D:4)
  3 orcs (D:4)
  3 ball pythons
  6 endoplasms
  3 giant cockroaches
  9 goblins
  9 hobgoblins
  4 jackals (D:1)
  4 quokkas
  5 bats
  5 frilled lizards
  8 kobolds
  4 rats
81 creatures vanquished.

Vanquished Creatures (others)
  3 plants (D:2)
3 creatures vanquished.

Grand Total: 84 creatures vanquished

Notes
Turn   | Place    | Note
-------+----------+-------------------------------------------
     0 | D:1      | sylnyx the Gargoyle Earth Elementalist began the quest for
                  | the Orb.
     0 | D:1      | Reached XP level 1. HP: 10/10 MP: 3/3
    33 | D:1      | You fall into a shaft and drop 1 floor!
   251 | D:1      | Reached XP level 2. HP: 2/15 MP: 0/5
   644 | D:1      | Reached skill level 4 in Earth Magic
   957 | D:1      | Reached XP level 3. HP: 17/19 MP: 2/6
  1159 | D:1      | Learned a level 3 spell: Stone Arrow
  1853 | D:2      | Found a snail-covered altar of Cheibriados.
  1862 | D:2      | Became a worshipper of Cheibriados the Contemplative
  1887 | D:2      | Found a faded altar of an unknown god.
  1943 | D:2      | Reached XP level 4. HP: 23/24 MP: 3/7
  2376 | D:3      | Reached * piety under Cheibriados
  2384 | D:3      | Reached skill level 5 in Earth Magic
  2709 | D:3      | Learned a level 4 spell: Petrify
  2748 | D:3      | Reached XP level 5. HP: 28/28 MP: 7/9
  3311 | D:4      | Reached XP level 6. HP: 33/33 MP: 8/11
  3346 | D:4      | Reached ** piety under Cheibriados
  3347 | D:4      | Reached skill level 1 in Armour
  3450 | D:4      | Reached skill level 6 in Earth Magic
  3886 | D:4      | Slain by a gnoll sergeant

Illustrated notes

Levels and vault maps discovered:
D:1:      amcnicky_arrival_underground_garden, layout_basic, minmay_pentomino_w4
D:2:      layout_rooms, dreamdust_ecumenical_altar_hidden_monk_grotto,
          basic_altar, minmay_misc_feat_ornament
D:3:      cheibrodos_helix_gallery, layout_basic, nicolae_figureground_pulse
D:4:      minmay_diamond_boxcup, layout_gridville

Skill      XL: |  1  2  3  4  5  6 |
---------------+-------------------+-----
Earth Magic    | 4 5 6 |  6.2
Dodging        | 2 |  2.3
Spellcasting   | 3 4 |  4.2
Armour         | 1 |  1.6
Fighting       | |  0.6
Short Blades   | |  0.4
Stealth        | |  2.1
Transmutations | |  0.7

Action                   |  1- 3 |  4- 6 || total
-------------------------+-------+-------++-------
Melee: Dagger            |    40 |     7 ||    47
       Unarmed           |     1 |       ||     1
 Cast: Sandblast         |    42 |    79 ||   121
       Stone Arrow       |     1 |     3 ||     4
Armor: Robe              |    32 |     7 ||    39
       Ring mail         |       |     2 ||     2
       Scale mail        |       |     1 ||     1
       Leather armour    |       |     4 ||     4
Dodge: Dodged            |    66 |    31 ||    97
